 Dungeon Crawl Stone Soup version 0.31-a0-818-ge7c7cf74f0 (webtiles) character file.

Game seed: 3825065625569468286

11407 Skeletony the Carver (level 11, -1/101 HPs)
             Began as a Minotaur Fighter on Sept 23, 2023.
             Was a High Priest of the Shining One.
             Slain by a yak (13 damage)
             ... on level 1 of the Lair of Beasts.
             The game lasted 00:44:09 (9166 turns).

Skeletony the Carver (Minotaur Fighter)             Turns: 9166, Time: 00:44:10

Health: -1/101     AC: 15    Str: 29    XL:     11   Next: 48%
Magic:  10/10      EV: 14    Int:  5    God:    the Shining One [*****.]
Gold:   665        SH: 10    Dex: 12    Spells: 10/10 levels left

rFire   . . .        H - +4 mace
rCold   . . .        h - +0 kite shield
rNeg    + + .        G - +0 plate armour
rPois   .            (helmet restricted)
rElec   .            (no cloak)
rCorr   .            (no gloves)
SInv    .            t - +0 pair of boots
Will    .....        m - amulet of the acrobat Stlth
                     o - +5 ring of evasion
HPRegen 0.36/turn    y - +6 ring of strength
MPRegen 0.12/turn

%: acrobat
@: about to teleport, glowing
A: horns 2, retaliatory headbutt
a: Renounce Religion, Divine Shield, Cleansing Flame, Summon Divine Warrior


You were on level 1 of the Lair of Beasts.
You worshipped the Shining One.
The Shining One was extremely pleased with you.
You visited 3 branches of the dungeon, and saw 11 of its levels.
You also visited: Ossuary.

You collected 665 gold pieces.

Inventory:

Hand Weapons
 a - a +0 long sword
 j - a +2 dagger of venom
 E - a +2 hand axe of electrocution
 H - a +4 mace (weapon)
 I - a +3 spear
 J - a +2 trident
 K - a +1 war axe of flaming
Armour
 h - a +0 kite shield (worn)
 t - a +0 pair of boots (worn)
 D - +0 steam dragon scales
 G - a +0 plate armour (worn)
Magical Staves
 b - a staff of air
 P - a staff of fire
Jewellery
 m - an amulet of the acrobat (around neck)
 o - a +5 ring of evasion (left hand)
 y - a +6 ring of strength (right hand)
Wands
 d - a wand of roots (45)
 r - a wand of flame (49) (quivered)
Scrolls
 c - a scroll of brand weapon {unknown}
 f - a scroll of blinking {unknown}
 g - 2 scrolls of amnesia {unknown}
 p - 2 scrolls of identify
 q - 3 scrolls of poison {unknown}
 v - a scroll of fog {unknown}
 z - a scroll of silence {unknown}
 A - 2 scrolls of enchant weapon {unknown}
 B - 2 scrolls of vulnerability {unknown}
 C - 2 scrolls of teleportation
 F - a scroll of enchant armour {unknown}
 M - a scroll of summoning {unknown}
 N - 3 scrolls of noise {unknown}
Potions
 e - a potion of curing
 i - 2 potions of lignification {unknown}
 k - 2 potions of mutation {unknown}
 l - 5 potions of attraction {unknown}
 n - 3 potions of degeneration {unknown}
 s - 5 potions of enlightenment {unknown}
 u - 4 potions of haste {unknown}
 w - a potion of cancellation {unknown}
 x - a potion of heal wounds {unknown}
 L - a potion of might
 O - a potion of brilliance {unknown}


   Skills:
 * Level 10.6 Fighting
 + Level 11.0 Long Blades
 + Level 7.2(8.1) Axes
 * Level 5.6(7.3) Maces & Flails
 * Level 9.4 Armour
 + Level 5.6 Dodging
 - Level 0.2 Stealth
 + Level 9.3 Shields


You had 10 spell levels left.
You didn't know any spells.
Your spell library contained the following spells:

 Spells                   Type           Power      Damage    Failure   Level
 Magic Dart               Conj           0%         1d3       100%        1
 Searing Ray              Conj           0%         2d4       100%        2
 Inner Flame              Hex/Fire       0%         N/A       100%        3
 Volatile Blastmotes      Fire/Tloc      0%         2d10      100%        3
 Flame Wave               Conj/Fire      0%         2d4       100%        4
 Fulminant Prism          Conj/Hex       0%         3d5       100%        4
 Iskenderun's Mystic Bla  Conj/Tloc      0%         2d3       100%        4
 Manifold Assault         Tloc           0%         N/A       100%        4
 Sticky Flame             Conj/Fire      0%         2d3       100%        4
 Dispersal                Tloc           0%         N/A       100%        6
 Disjunction              Tloc           0%         N/A       100%        8


Dungeon Overview and Level Annotations

Branches:
Dungeon (9/15)             Temple (1/1) D:6            Lair (1/5) D:9
Ossuary (visited)
    Orc: D:9-12

Altars:
Ashenzari
Cheibriados
Dithmenos
Elyvilon
Fedhas
Gozag
Hepliaklqana
Kikubaaqudgha
Nemelex Xobeh
Okawaru
Qazlal
Ru
Sif Muna
Trog
Uskayaw
Vehumet
Wu Jian
Xom
Zin
The Shining One


Innate Abilities, Weirdness & Mutations

You have a pair of horns on your head.
You reflexively headbutt those who attack you in melee.


Message History

You see here a +0 leather armour.
The yak misses you. The yak completely misses you.
The yak attacks as it pursues you! The yak completely misses you.
You block the yak's attack.
A yak comes into view.
The yak bellows!
You hear a bellow!
A yak comes into view.
The yak bellows!
You hear a bellow!
You hear an angry hiss.
A yak comes into view.
A komodo dragon comes into view.
The yak completely misses you.
The komodo dragon hisses menacingly.
The komodo dragon completely misses you.
You furiously retaliate!
You headbutt the komodo dragon! The yak misses you. You furiously retaliate!
You headbutt the yak. The yak completely misses you.
You hit the komodo dragon. Your headbutt misses the komodo dragon.
The komodo dragon is moderately wounded.
You block the komodo dragon's attack. You block the yak's attack.
The yak barely misses you. You furiously retaliate!
You headbutt the yak! The yak gores you!
* * * LOW HITPOINT WARNING * * *
The komodo dragon closely misses you. You block the yak's attack.
The yak misses you. The yak barely misses you.
You block the komodo dragon's attack.
As you read the scroll labelled OCOFIG TUOFYT, it crumbles to dust.
It is a scroll of identify.
C - 3 scrolls of teleportation You block the yak's attack.
The yak gores you but does no damage. The yak closely misses you.
You furiously retaliate!
You headbutt the yak! The komodo dragon bites you!
* * * LOW HITPOINT WARNING * * *
As you read the scroll of teleportation, it crumbles to dust.
You feel strangely unstable. You block the yak's attack. x2
The yak barely misses you. You furiously retaliate!
You headbutt the yak. The komodo dragon misses you.
You barely miss the yak. You headbutt the yak, but do no damage.
The yak is moderately wounded.
The yak gores you!
You die...

..## #..# ...# #..#
###..
...#########..#####..#..
........................
..........>.............
........................
...............YY.......
..............YYYY......
.............YYY@l......
########..#..####.......
#####.# #...... ....
...... ...... .....
###...## #P##. #..## ##
...#


You could see a komodo dragon and 9 yaks.

Vanquished Creatures
  3 two-headed ogres
  A boulder beetle (Lair:1)
  Pikel (D:4)
  Prince Ribbit (D:7)
  3 blink frogs (Lair:1)
  A wraith (D:9)
  15 yaks
  A steam dragon (D:6)
  Menkaure (D:5)
  An acid dragon (D:8)
  4 water moccasins
  An orc warrior (D:7)
  A sky beast (D:5)
  A black bear (D:5)
  4 ice beasts
  2 ogres (D:6)
  3 wolves (Lair:1)
  A phantom (D:5)
  Blork the orc (D:4)
  3 kobold brigands
  6 bullfrogs
  A wyvern zombie (Ossuary)
  A water moccasin zombie (Ossuary)
  8 scorpions
  3 wights (D:8)
  9 killer bees
  7 howler monkeys
  4 centaur zombies (Ossuary)
  2 bullfrog zombies (Ossuary)
  7 hounds
  4 jellies
  Crazy Yiuf (D:3)
  Terence (D:2)
  A gnoll bouda (D:9)
  A sleepcap (D:6)
  Natasha (twice) (D:4)
  9 orc wizards
  2 killer bee zombies (Ossuary)
  14 mummies (Ossuary)
  Robin (D:2)
  11 adders
  13 gnolls
  3 white imps
  An ufetubus (D:4)
  3 worms
  A dart slug (D:1)
  29 orcs
  4 ball pythons
  5 endoplasms
  3 giant cockroaches
  12 goblins
  7 hobgoblins
  10 jackals
  23 kobolds
  3 quokkas
  3 bats
  4 frilled lizards
  9 rats
277 creatures vanquished.

Notes
Turn   | Place    | Note
-------+----------+-------------------------------------------
     0 | D:1      | Skeletony the Minotaur Fighter began the quest for the Orb.
     0 | D:1      | Reached XP level 1. HP: 19/19 MP: 0/0
   132 | D:1      | Reached XP level 2. HP: 23/27 MP: 1/1
   373 | D:1      | Reached XP level 3. HP: 34/34 MP: 2/2
   934 | D:1      | Reached skill level 3 in Long Blades
   997 | D:1      | Found a faded altar of an unknown god.
  1009 | D:1      | Prayed at the altar of an unknown god.
  1009 | D:1      | Became a worshipper of the Shining One
  1009 | D:1      | Reached * piety under the Shining One
  1513 | D:2      | Noticed Terence
  1519 | D:2      | Reached XP level 4. HP: 41/41 MP: 3/3
  1523 | D:2      | Killed Terence
  1530 | D:2      | Reached skill level 4 in Long Blades
  1530 | D:2      | Reached skill level 1 in Dodging
  1760 | D:2      | Noticed Robin
  1771 | D:2      | Killed Robin
  1968 | D:3      | Found a broken altar of Ashenzari.
  1975 | D:3      | Reached XP level 5. HP: 47/47 MP: 4/4
  2449 | D:3      | Found a runed translucent door.
  2450 | D:3      | Noticed Crazy Yiuf
  2457 | D:3      | Killed Crazy Yiuf
  2670 | D:4      | Reached skill level 5 in Long Blades
  2670 | D:4      | Reached XP level 6. HP: 52/55 MP: 5/5
  2693 | D:4      | Reached skill level 5 in Shields
  2693 | D:4      | Noticed Blork the orc
  2703 | D:4      | Noticed Pikel
  2723 | D:4      | Killed Pikel
  2724 | D:4      | Reached skill level 5 in Fighting
  2724 | D:4      | Reached skill level 6 in Long Blades
  2724 | D:4      | Reached XP level 7. HP: 15/62 MP: 6/6
  2725 | D:4      | Killed Blork the orc
  3090 | D:4      | Found a white marble altar of Elyvilon.
  3306 | D:4      | Reached XP level 8. HP: 65/70 MP: 7/7
  3323 | D:4      | Reached ** piety under the Shining One
  3385 | D:4      | Found an ornate altar of the Wu Jian Council.
  3448 | D:4      | Noticed Natasha
  3453 | D:4      | Killed Natasha
  3454 | D:4      | Reached skill level 7 in Long Blades
  3644 | D:4      | Noticed Natasha
  3668 | D:4      | Killed Natasha
  3763 | D:5      | Entered Level 5 of the Dungeon
  3903 | D:5      | Found a radiant altar of Vehumet.
  3903 | D:5      | Found a shimmering altar of Xom.
  4362 | D:5      | Noticed Menkaure
  4367 | D:5      | Killed Menkaure
  4368 | D:5      | Reached skill level 8 in Long Blades
  4696 | D:6      | Found a sand-covered staircase.
  4719 | Ossuary  | Entered an ossuary
  4824 | Ossuary  | Reached *** piety under the Shining One
  4832 | Ossuary  | Reached XP level 9. HP: 63/79 MP: 8/8
  4946 | Ossuary  | Reached skill level 9 in Long Blades
  5210 | D:6      | Found a stormy altar of Qazlal.
  5277 | D:6      | Reached **** piety under the Shining One
  5281 | D:6      | Found a staircase to the Ecumenical Temple.
  5332 | D:6      | Found a glowing silver altar of Zin.
  5484 | D:6      | Reached skill level 10 in Long Blades
  5853 | D:6      | Reached XP level 10. HP: 83/91 MP: 9/9
  6045 | Temple   | Entered the Ecumenical Temple
  6410 | D:7      | Noticed Prince Ribbit
  6412 | D:7      | Reached skill level 1 in Axes
  6415 | D:7      | Killed Prince Ribbit
  6416 | D:7      | Reached skill level 5 in Dodging
  6416 | D:7      | Noticed a two-headed ogre
  6423 | D:7      | Killed a two-headed ogre
  6525 | D:7      | Found a hide-covered altar of Uskayaw.
  6705 | D:7      | Reached skill level 11 in Long Blades
  6707 | D:7      | Reached skill level 5 in Axes
  6711 | D:7      | Found a hazy altar of Hepliaklqana.
  7314 | D:8      | Noticed a two-headed ogre
  7327 | D:8      | Killed a two-headed ogre
  7328 | D:8      | Reached skill level 1 in Maces & Flails
  7330 | D:8      | HP: 4/93 [acid dragon (6)]
  7535 | D:8      | Found Gaatumoop's Magic Scroll Shoppe.
  7539 | D:8      | Found a bloodstained altar of Trog.
  7635 | D:8      | Noticed a two-headed ogre
  7647 | D:8      | Killed a two-headed ogre
  7648 | D:8      | Reached skill level 10 in Fighting
  7648 | D:8      | Reached XP level 11. HP: 89/99 MP: 10/10
  8135 | D:9      | Reached ***** piety under the Shining One
  8324 | D:9      | Found a staircase to the Lair.
  8790 | Lair:1   | Entered Level 1 of the Lair of Beasts
  8791 | Lair:1   | Noticed a boulder beetle
  8809 | Lair:1   | Killed a boulder beetle
  8810 | Lair:1   | Reached skill level 5 in Maces & Flails
  9166 | Lair:1   | Slain by a yak

Illustrated notes

Levels and vault maps discovered:
D:1:      dpeg_arrival_tiny_a, layout_basic, ebering_ecumenical_altar_mist
D:2:      layout_basic, uniq_terence, uniq_robin
D:3:      layout_rooms, lemuel_crystal_altar, uniq_crazy_yiuf_cottage
D:4:      layout_loops_ring, nzn_wu_jian_council_hall,
          nicolae_elyvilon_peaceful_grove, uniq_natasha, uniq_blork_the_orc,
          uniq_pikel
D:5:      layout_basic, gammafunk_temple_overflow_wave, uniq_menkaure
D:6:      wad_guarded_room, layout_basic, mainiacjoe_overflow_catwalk,
          mainiacjoe_overflow_six_doors_small, minmay_temple_entry_tees,
          enter_ossuary_1
D:7:      layout_loops_ring, nicolae_uskayaw_murder_on_the_dancefloor,
          mainiacjoe_overflow_chevrons, uniq_prince_ribbit1
D:8:      layout_rooms, general_overflow_altar, serial_shops, shop
D:9:      layout_basic, dpeg_oklobed_lair, grunt_decor_mini_mirrors
Temple:   jpeg_temple_island
Lair:1:   layout_long_grid, lemuel_centaur_altar

Skill      XL: |  1  2  3  4  5  6  7  8  9 10 11 |
---------------+----------------------------------+-----
Fighting       | 4 5 6 7 9 10 | 10.6
Shields        | 4 5 6 7 8 9 |  9.3
Long Blades    | 3 4 5 6 8 10 11 | 11.0
Armour         | 4 6 7 8 9 |  9.4
Dodging        | 1 2 3 4 5 |  5.6
Axes           | 7 |  7.2
Maces & Flails | 1 5 |  5.6
Stealth        | |  0.2

Action                     |  1- 3 |  4- 6 |  7- 9 | 10-12 || total
---------------------------+-------+-------+-------+-------++-------
  Melee: Long sword        |    94 |    94 |   287 |       ||   475
         Headbutt          |     9 |    23 |    93 |    83 ||   208
         Hand axe          |       |       |    11 |    95 ||   106
         Mace              |       |       |       |   165 ||   165
         War axe           |       |       |       |     5 ||     5
  Evoke: Wand              |       |       |     1 |       ||     1
    Use: Potion            |       |     1 |     2 |     2 ||     5
         Scroll            |       |       |       |     2 ||     2
 Armour: Scale mail        |    60 |    54 |    98 |       ||   212
         Steam dragon scal |       |       |    25 |     6 ||    31
         Plate armour      |       |       |       |   120 ||   120
         Chain mail        |       |       |       |    16 ||    16
  Dodge: Dodged            |    54 |    59 |   216 |   207 ||   536
  Block: Buckler           |     9 |       |       |       ||     9
         Kite shield       |    30 |    43 |   146 |   164 ||   383

Table legend: (Time is in decaauts)
 A = Elapsed time spent in this place.
 B = Non-inter-level travel time spent in this place.
 C = Inter-level travel time spent in this place.
 D = Time resting spent in this place.
 E = Time spent auto-exploring this place.
 F = Levels seen in this place.
 G = Mean time per level.
                   A        B        C        D        E       F      G
               +--------+--------+--------+--------+--------+-----+--------+
         Total |   9393 |   9205 |    188 |   1143 |   4164 |  12 |  782.8 |
       Dungeon |   8388 |   8200 |    188 |   1115 |   4010 |   9 |  932.0 |
        Temple |    103 |    103 |      0 |      0 |      0 |   1 |  103.0 |
          Lair |    382 |    382 |      0 |     28 |     60 |   1 |  382.0 |
       Ossuary |    520 |    520 |      0 |      0 |     94 |   1 |  520.0 |
               +--------+--------+--------+--------+--------+-----+--------+

Top non-repeatable levels by time:
     D:1: 1342 daAuts
     D:6: 1192 daAuts
     D:4: 1191 daAuts
     D:9: 1012 daAuts
     D:5: 867 daAuts
     D:7: 792 daAuts
     D:8: 687 daAuts
     D:2: 670 daAuts
     D:3: 632 daAuts
 Ossuary: 520 daAuts
  Lair:1: 382 daAuts
  Temple: 103 daAuts
